 Dungeon Crawl Stone Soup version 0.29.1-14-g9c671dbff4 (webtiles) character file.

Game seed: 5439268716772883829

434 bnorton916 the Magician (level 6, -10/32 HPs)
             Began as a Deep Elf Fire Elementalist on Feb 15, 2023.
             Killed by divine providence
             ... invoked by an orc priest
              (15 damage)
             ... on level 4 of the Dungeon.
             The game lasted 00:04:16 (5439 turns).

bnorton916 the Magician (DEFE)                      Turns: 5439, Time: 00:04:17

Health: -10/32     AC:  3    Str:  5    XL:     6   Next: 68%
Magic:  10/17      EV: 12    Int: 22    God:
Gold:   213        SH:  0    Dex: 15    Spells: 11/17 levels left

rFire   . . .      SeeInvis .   n - +1 dagger (venom)
rCold   . . .      Faith    .   (no shield)
rNeg    . . .      Spirit   .   a - +0 robe
rPois   .          Reflect  .   k - +0 helmet
rElec   .          Harm     .   (no cloak)
rCorr   .          Rampage  .   (no gloves)
Will    .....                   (no boots)
Stlth   ++........              (no amulet)
HPRegen 0.10/turn               (no ring)
MPRegen 0.15/turn               (no ring)

@: hasted, very quick
A: no striking features
a: no special abilities


You were on level 4 of the Dungeon.
You visited 2 branches of the dungeon, and saw 5 of its levels.

You collected 213 gold pieces.

Inventory:

Hand Weapons
 n - a +1 dagger of venom (weapon)
Missiles
 d - 4 poisoned darts (quivered)
 f - 4 javelins
 s - 5 silver javelins
Armour
 a - a +0 robe (worn)
 k - a +0 helmet (worn)
Magical Staves
 p - a staff of earth
Jewellery
 g - a ring of flight
Wands
 v - a wand of paralysis (2)
Scrolls
 c - a scroll of magic mapping {unknown}
 e - 3 scrolls of identify {unknown}
 j - a scroll of poison {unknown}
 l - a scroll of teleportation {unknown}
 m - a scroll of brand weapon {unknown}
 o - a scroll of enchant armour {unknown}
 q - a scroll of fear {unknown}
Potions
 b - a potion of magic
 h - 2 potions of haste
 i - 2 potions of brilliance {unknown}
 r - 2 potions of heal wounds {unknown}
 t - a potion of curing {unknown}
 u - a potion of berserk rage {unknown}


   Skills:
 - Level 2.4 Dodging
 - Level 2.4 Stealth
 + Level 6.0 Spellcasting
 + Level 4.3 Conjurations
 + Level 5.5 Fire Magic


You had 11 spell levels left.
You knew the following spells:

 Your Spells              Type           Power      Damage    Failure   Level
a - Foxfire               Conj/Fire      100%       2x1d9     1%          1
b - Scorch                Fire           60%        2d8       1%          2
c - Conjure Flame         Conj/Fire      28%        6-21      3%          3

Your spell library contained the following spells:

 Spells                   Type           Power      Damage    Failure   Level
 Shock                    Conj/Air       64%        1d7       3%          1
 Inner Flame              Hex/Fire       18%        N/A       9%          3
 Flame Wave               Conj/Fire      28%        2d9       12%         4
 Swiftness                Air            6%         N/A       26%         3
 Airstrike                Air            3%         2d(1-17)  65%         4


Dungeon Overview and Level Annotations

Branches:
Dungeon (4/15)             Temple (1/1) D:4

Altars:
Ashenzari
Cheibriados
Dithmenos
Fedhas
Hepliaklqana
Kikubaaqudgha
Makhleb
Nemelex Xobeh
Okawaru
Qazlal
Sif Muna
Trog
Uskayaw
Vehumet
Wu Jian
Xom
Yredelemnul
Zin
The Shining One

Annotations:
D:4 2 transporters


Message History

Flames lash the orc priest.
The orc priest is severely wounded.
The orc priest's fire resistance burns away.
You hear a shout!
The orc barely misses you.
An orc comes into view. It is wielding a +0 trident.
The orc hits you but does no damage. The orc priest closely misses you.
Casting: Scorch (safe; 1% risk of failure)
Confirm with . or Enter, or press ? or * to list all spells.
You conjure some foxfire!
The orc misses you. The orc barely misses your foxfire.
The orc priest hits you with a +0 short sword.
The orc closely misses you.
The foxfire hits the orc.
The orc is heavily wounded.
The foxfire hits the orc.
The orc is severely wounded.
The orc completely misses you. The orc closely misses you.
The orc priest calls upon Beogh to heal the orc.
The orc's wounds heal themselves!
Casting: Foxfire (safe; 1% risk of failure)
Confirm with . or Enter, or press ? or * to list all spells.
You conjure some foxfire!
The orc priest is no longer more vulnerable to fire.
The orc priest hits you with a +0 short sword.
* * * LOW HITPOINT WARNING * * *
The orc hits you with a +0 hand axe.
* * * LOW HITPOINT WARNING * * *
The orc hits your foxfire with a +0 hand axe.
The foxfire hits the orc!
You kill the orc!
The dart slug launches a dart at you. The slug dart misses you.
The foxfire hits the orc but does no damage.
The orc misses you.
Your magical contamination has completely faded away.
It was a potion of haste.
You feel yourself speed up.
The orc priest invokes the aid of Beogh against you.
Beogh smites you!
You die...

#..# #..########
#..#####..#########
########............†..)..
............###.#.........
#########.#.# #.#.........
#.#.# #.....####.. #.#.#
#.....# .### ##§#
##....###. #)@# ##....# ##
#...ooo.# #...##.#
#.##w##.# #..##.# # #o .#
#..#..# .. # ##..##5.#.
##. #....# ..# #. ##....##
.# .. #....##.#g##
#....#......


You could see an orc priest, a dart slug and 3 orcs.

Vanquished Creatures
  Menkaure (D:4)
  A phantom (D:4)
  A gnoll bouda (D:4)
  Ijyb (D:4)
  4 gnolls (D:4)
  5 adders
  A worm (D:3)
  4 dart slugs
  6 orcs
  2 ball pythons
  9 endoplasms
  6 giant cockroaches
  7 goblins
  3 hobgoblins
  3 jackals (D:3)
  3 quokkas
  4 bats
  5 frilled lizards
  12 kobolds
  3 rats
81 creatures vanquished.

Vanquished Creatures (others)
  318 foxfires
318 creatures vanquished.

Grand Total: 399 creatures vanquished

Notes
Turn   | Place    | Note
-------+----------+-------------------------------------------
     0 | D:1      | bnorton916 the Deep Elf Fire Elementalist began the quest
                  | for the Orb.
     0 | D:1      | Reached XP level 1. HP: 10/10 MP: 6/6
   628 | D:1      | Reached XP level 2. HP: 15/15 MP: 6/8
  1225 | D:1      | Found a faded altar of an unknown god.
  1557 | D:2      | Reached XP level 3. HP: 19/19 MP: 3/10
  2355 | D:2      | Learned a level 2 spell: Scorch
  2359 | D:2      | Learned a level 3 spell: Conjure Flame
  2548 | D:3      | Reached skill level 4 in Spellcasting
  2731 | D:3      | Reached XP level 4. HP: 22/24 MP: 3/12
  2839 | D:3      | Found a glowing silver altar of Zin.
  4391 | D:4      | Reached XP level 5. HP: 28/28 MP: 8/14
  4413 | D:4      | Reached skill level 5 in Spellcasting
  4730 | D:4      | Found a blossoming altar of Fedhas.
  4856 | D:4      | Found a staircase to the Ecumenical Temple.
  4959 | Temple   | Entered the Ecumenical Temple
  5162 | D:4      | Found a transporter.
  5183 | D:4      | Found a transporter.
  5202 | D:4      | Noticed a phantom
  5211 | D:4      | Killed a phantom
  5212 | D:4      | Reached skill level 5 in Fire Magic
  5212 | D:4      | Reached XP level 6. HP: 22/32 MP: 9/16
  5340 | D:4      | Noticed Ijyb
  5343 | D:4      | Paralysed by Ijyb for 5 turns
  5353 | D:4      | Killed Ijyb
  5392 | D:4      | Noticed Menkaure
  5395 | D:4      | Killed Menkaure
  5396 | D:4      | Reached skill level 6 in Spellcasting
  5439 | D:4      | Killed from afar by an orc priest

Illustrated notes

Levels and vault maps discovered:
D:1:      spicycebolla_green_bress_n_ham_2, layout_basic,
          chequers_ecumenical_altar_simple
D:2:      layout_basic, minmay_fractal_squares_5
D:3:      layout_basic, overflow_temple_1_default
D:4:      layout_loops_ring, mainiacjoe_overflow_small_starburst,
          minmay_temple_entry_glass, gammafunk_ghost_abyssal_escape,
          uniq_natasha, uniq_ijyb, uniq_menkaure
Temple:   nicolae_temple_bog_church

Skill      XL: |  1  2  3  4  5  6 |
---------------+-------------------+-----
Conjurations   | 2 3 4 |  4.3
Spellcasting   | 4 5 6 |  6.0
Fire Magic     | 4 5 |  5.5
Dodging        | |  2.4
Stealth        | |  2.4

Action                   |  1- 3 |  4- 6 || total
-------------------------+-------+-------++-------
Melee: Dagger            |     2 |       ||     2
Throw: Dart              |       |     1 ||     1
 Cast: Foxfire           |   105 |    85 ||   190
       Scorch            |     2 |    26 ||    28
       Conjure Flame     |       |     1 ||     1
  Use: Potion            |       |     2 ||     2
Armor: Robe              |     4 |     6 ||    10
Dodge: Dodged            |    10 |    28 ||    38
